 Dungeon Crawl Stone Soup version 0.31.0-32-g396128a36d (webtiles) character file.

Game seed: 14027054424682140588

36 H0rd4k the Charlatan (level 3, 0/24 HPs)
             Began as an Octopode Artificer on Apr 4, 2024.
             Slain by a bat (1 damage)
             ... on level 2 of the Dungeon.
             The game lasted 00:00:51 (826 turns).

H0rd4k the Charlatan (Octopode Artificer)            Turns: 826, Time: 00:00:51

Health: 0/24       AC:  1    Str: 11    XL:     3   Next: 37%
Magic:  3/3        EV: 13    Int: 15    God:
Gold:   43         SH:  0    Dex: 12    Spells: 2/2 levels left

rFire   . .          .
                       - Unarmed
rCold   . . .        (no shield)
rNeg    . . .        (helmet restricted)
rPois   .            (no amulet)
rElec   .            (no ring)
rCorr   .            (no ring)
SInv    .            (no ring)
Will    .....        (no ring)
Stlth   +++          (no ring)
HPRegen 0.24/turn    (no ring)
MPRegen 0.08/turn    (no ring)
                     (no ring)

%: no passive effects
@: lethally poisoned (0 -> -1)
A: almost no armour, amphibious, 8 rings, camouflage 1, gelatinous body 1,
(nimble swimmer 1), tentacles
a: no special abilities


You were on level 2 of the Dungeon.
You visited 1 branch of the dungeon, and saw 2 of its levels.

You collected 43 gold pieces.

Inventory:

Hand Weapons
 a - a +3 short sword
Magical Staves
 h - a staff of air
Jewellery
 j - an amulet of faith
Wands
 b - a wand of flame (15) (quivered)
 c - a wand of charming (15)
 d - a wand of iceblast (5)
Scrolls
 e - 2 scrolls of teleportation {unknown}
 f - a scroll of poison {unknown}
 g - 2 scrolls of identify {unknown}
 i - a scroll of fear {unknown}
 k - a scroll of vulnerability {unknown}
Potions
 l - a potion of lignification {unknown}
 m - a potion of heal wounds {unknown}
 n - a potion of mutation {unknown}
 o - a potion of curing {unknown}


   Skills:
 + Level 1.7 Fighting
 - Level 2.3 Dodging
 - Level 1.3 Stealth
 + Level 2.4 Unarmed Combat
 - Level 3.2 Evocations


You had 2 spell levels left.
You didn't know any spells.
Your spell library contained the following spells:

 Spells                   Type           Power      Damage    Failure   Level
 Frozen Ramparts          Ice            0%         1d1       63%         3
 Leda's Liquefaction      Alch/Erth      0%         N/A       95%         4
 Petrify                  Alch/Erth      0%         N/A       95%         4
 Metabolic Englaciation   Hex/Ice        0%         N/A       100%        5


Dungeon Overview and Level Annotations

Branches:
Dungeon (2/15)

Altars:


Innate Abilities, Weirdness & Mutations

You cannot wear most types of armour.
You are amphibious.
You can wear up to eight rings at the same time.
Your skin changes colour to match your surroundings (Stealth+).
Your rubbery body absorbs attacks. (AC +1, EV +1)
((You are camouflaged when in or above water. (Stealth+)))
You have tentacles for arms and can constrict up to eight enemies at once.


Message History

The helpless adder fails to defend itself.
You tentacle-slap the adder. You grab the adder.
The adder is lightly wounded.
You constrict the adder. The adder bites you.
You are poisoned.
The adder poisons you! The adder bites you.
You are more poisoned.
The adder poisons you!
You tentacle-slap the adder.
The adder is severely wounded.
You constrict the adder.
You feel very sick. The bat misses you. The adder bites you.
You are too injured to fight recklessly!
You tentacle-slap the adder.
You kill the adder!
You feel sick.
You are too injured to fight recklessly!
A bat comes into view.
* * * LOW HITPOINT WARNING * * *
You feel sick.
Unknown command.
You miss the bat. Your grab misses the bat.
You feel sick. The bat hits you but does no damage.
You feel sick. The bat hits you.
* * * LOW HITPOINT WARNING * * *
* * * LOW HITPOINT WARNING * * *
You feel sick. The bat hits you.
* * * LOW HITPOINT WARNING * * *
You tentacle-slap the bat. You grab the bat.
The bat is moderately wounded.
You constrict the bat.
* * * LOW HITPOINT WARNING * * *
You feel sick. The bat barely misses you.
The bat escapes!
The bat barely misses you.
You closely miss the bat. You grab the bat. Your squeeze misses the bat.
You constrict the bat.
* * * LOW HITPOINT WARNING * * *
You feel sick. The bat hits you.
You die...

##### ##########......
#.....@b........
######.######........
######...#....##..........
....#.....................
###.......................
.##..>....................
..##......................
#.###..........##..#......
#........##...## ..


You could see a bat.

Vanquished Creatures
  An adder (D:2)
  2 bats (D:1)
  3 endoplasms (D:1)
  2 giant cockroaches (D:1)
  3 goblins (D:1)
  2 hobgoblins (D:1)
  A quokka (D:1)
  3 ball pythons
  3 frilled lizards
  4 kobolds (D:1)
  3 rats (D:1)
27 creatures vanquished.

Notes
Turn   | Place    | Note
-------+----------+-------------------------------------------
     0 | D:1      | H0rd4k the Octopode Artificer began the quest for the Orb.
     0 | D:1      | Reached XP level 1. HP: 13/13 MP: 1/1
   134 | D:1      | Reached skill level 1 in Unarmed Combat
   174 | D:1      | Reached XP level 2. HP: 18/18 MP: 2/2
   561 | D:1      | Reached XP level 3. HP: 23/23 MP: 3/3
   826 | D:2      | HP: 1/24 [poisoned by an adder]
   826 | D:2      | Slain by a bat

Illustrated notes

Levels and vault maps discovered:
D:1:      scummos_arrival_forest, layout_loops_ring,
          minmay_large_rounded_square, minmay_misc_feat_encased,
          minmay_stone_trees_small
D:2:      layout_rooms, grunt_ministairs_1

Skill      XL: |  1  2 |
---------------+-------+-----
Unarmed Combat | 1 2 |  2.4
Fighting       | |  1.7
Dodging        | |  2.3
Stealth        | |  1.3
Evocations     | |  3.2

Action                     || total
---------------------------++-------
  Melee: Unarmed           ||    67
         Tentacles         ||    12
         Constrict         ||    14
         Punch             ||     1
   Stab: Sleeping          ||     5
 Armour: Skin              ||    28
  Dodge: Dodged            ||    44
